 Dungeon Crawl Stone Soup version 0.30-a0-50-gb2d611f6b1 (webtiles) character file.

Game seed: 18022269134484972922

450 Destapler the Trooper (level 6, 0/79 HPs)
             Began as a Draconian Berserker on Sept 4, 2022.
             Was a Believer of Trog.
             Slain by Natasha (8 damage)
             ... on level 3 of the Dungeon.
             The game lasted 00:07:32 (3448 turns).

Destapler the Trooper (Draconian Berserker)         Turns: 3448, Time: 00:07:33

Health: 0/79       AC:  7    Str: 19    XL:     6   Next: 74%
Magic:  6/6        EV: 10    Int:  8    God:    Trog [**....]
Gold:   243        SH:  0    Dex: 12    Spells: 5/5 levels left

rFire   . . .      SeeInvis .    a - +4 halberd
rCold   . . .      Faith    +    (shield currently unavailable)
rNeg    . . .      Spirit   .    (body armour unavailable)
rPois   .          Reflect  .    (helmet restricted)
rElec   .          Harm     .    g - +0 cloak
rCorr   .          Rampage  .    (no gloves)
Will    ++...                    (no boots)
Stlth   ..........               m - amulet of faith
HPRegen 1.23/turn                (no ring)
MPRegen 0.10/turn                (no ring)

@: berserking, grasped by roots, strong-willed, regenerating, slowed,
constricted
A: AC +6, unfitting armour, cold-blooded
a: Renounce Religion, Berserk, Trog's Hand


You were on level 3 of the Dungeon.
You worshipped Trog.
Trog was pleased with you.
You visited 1 branch of the dungeon, and saw 4 of its levels.

You collected 243 gold pieces.

Inventory:

Hand Weapons
 a - a +4 halberd (weapon)
 u - a +2 falchion of holy wrath
Missiles
 i - a javelin
 s - 11 poisoned darts (quivered)
Armour
 g - a +0 cloak (worn)
Jewellery
 m - an amulet of faith (around neck)
 r - a ring of poison resistance
Wands
 n - a wand of polymorph (7)
Scrolls
 c - a scroll of magic mapping {unknown}
 e - 3 scrolls of amnesia {unknown}
 f - a scroll of immolation {unknown}
 j - a scroll of identify {unknown}
 l - a scroll of teleportation {unknown}
 o - a scroll of brand weapon {unknown}
 q - 2 scrolls of fear {unknown}
 t - a scroll of vulnerability {unknown}
 v - a scroll of poison {unknown}
Potions
 b - 2 potions of brilliance {unknown}
 d - 3 potions of curing {unknown}
 h - 2 potions of attraction {unknown}
 k - a potion of invisibility {unknown}
 p - a potion of degeneration {unknown}


   Skills:
 + Level 4.4 Fighting
 - Level 3.2 Maces & Flails
 * Level 3.1 Polearms
 + Level 2.1 Throwing
 + Level 3.6 Dodging
 + Level 2.3 Stealth
 + Level 2.4 Shields


You had 5 spell levels left.
You didn't know any spells.
Your spell library contained the following spells:

 Spells                   Type           Power      Damage    Failure   Level
 Necrotise                Necr           0%         1d4       41%         1
 Vampiric Draining        Necr           0%         2d6       78%         3
 Agony                    Necr           0%         N/A       100%        5


Dungeon Overview and Level Annotations

Branches:
Dungeon (4/15)
 Temple: D:4-7

Altars:
Gozag

Annotations:
D:3 Natasha


Innate Abilities, Weirdness & Mutations

Your plain brown scales are hard. (AC +6)
You cannot fit into any form of body armour.
You are cold-blooded and may be slowed by cold attacks.


Message History

The grasping roots grab you! The grasping roots constrict you!
There is an escape hatch in the ceiling here.
The crimson imp lashes its tail.
The grasping roots constrict you. Natasha barely misses you.
The grasping roots constrict you.
The roots grasp on you weakens, but your attempt to escape fails.
Natasha claws you. The grasping roots constrict you.
* * * LOW HITPOINT WARNING * * *
The grasping roots release their grip on you.
Unknown command.
The crimson imp closely misses you.
Natasha zaps a wand.
The roots erupt in riotous growth!
The grasping roots grab you!
Natasha is unaffected.
The crimson imp is unaffected.
The grasping roots constrict you. Natasha claws you!
* * * LOW HITPOINT WARNING * * *
The grasping roots constrict you.
* * * LOW HITPOINT WARNING * * *
The crimson imp hits you.
* * * LOW HITPOINT WARNING * * *
The roots lose their grip on you. A mysterious force pulls you upwards.
The hatch slams shut behind you.
The crimson imp disappears in a puff of smoke!
Your skin crawls.
You feel strong-willed. Natasha closely misses you.
A red film seems to cover your vision as you go berserk!
You feel yourself moving faster!
You feel mighty!
Natasha zaps a wand.
The roots erupt in riotous growth!
The grasping roots grab you!
Natasha is unaffected.
The grasping roots constrict you.
* * * LOW HITPOINT WARNING * * *
Natasha claws you.
* * * LOW HITPOINT WARNING * * *
The grasping roots constrict you.
* * * LOW HITPOINT WARNING * * *
Unknown command.
You barely miss Natasha. Natasha claws you!
You die...

####.## #....#
######.## #....#
#...##..#####....#
#...###..........#
#...####.#####...#
####............)...#
#...........###.#.#.#
#.................#.#
#...@[...########.#..
#..h.....##...#...#..
#........##.###.###..
#........##.# #.##...
#.......)##.###.##...
#........##.#....#...
#........##.#....#...
####'######.#....#...
#........#....#...


You could see Natasha.

Vanquished Creatures
  A necrophage (D:4)
  4 hounds (D:4)
  An iguana (D:4)
  Natasha (twice) (D:4)
  8 gnolls
  5 adders
  2 ufetubi (D:4)
  A worm (D:2)
  A dart slug (D:1)
  7 bats
  An endoplasm (D:3)
  3 giant cockroaches
  3 goblins
  3 hobgoblins
  6 jackals
  3 quokkas (D:1)
  6 ball pythons
  3 frilled lizards
  5 kobolds
  3 rats
68 creatures vanquished.

Vanquished Creatures (others)
  6 fungi (D:4)
6 creatures vanquished.

Grand Total: 74 creatures vanquished

Notes
Turn   | Place    | Note
-------+----------+-------------------------------------------
     0 | D:1      | Destapler the Draconian Berserker began the quest for the
                  | Orb.
     0 | D:1      | Reached XP level 1. HP: 19/19 MP: 1/1
   106 | D:1      | Found a faded altar of an unknown god.
   191 | D:1      | Reached XP level 2. HP: 26/26 MP: 2/2
   841 | D:2      | Reached skill level 1 in Shields
   841 | D:2      | Reached XP level 3. HP: 31/31 MP: 3/3
   953 | D:2      | Reached skill level 1 in Throwing
   953 | D:2      | Reached skill level 1 in Stealth
  1406 | D:1      | Reached XP level 4. HP: 31/40 MP: 4/4
  1480 | D:1      | Reached skill level 1 in Polearms
  1849 | D:2      | Reached ** piety under Trog
  2039 | D:3      | Reached skill level 4 in Fighting
  2043 | D:3      | Reached XP level 5. HP: 46/46 MP: 5/5
  2574 | D:3      | Found an opulent altar of Gozag.
  2884 | D:4      | Noticed Natasha
  2897 | D:4      | Killed Natasha
  3214 | D:4      | Reached XP level 6. HP: 51/52 MP: 6/6
  3298 | D:4      | Noticed Natasha
  3306 | D:4      | Killed Natasha
  3434 | D:4      | Noticed Natasha
  3448 | D:3      | Slain by Natasha

Illustrated notes

Levels and vault maps discovered:
D:1:      dpeg_arrival_arbitrary_c, layout_loops_ring,
          hellmonk_ecumenical_altar_crossroads
D:2:      layout_rooms
D:3:      layout_basic, marbit_many_paths
D:4:      layout_rooms, dreamdust_gnoll_farm, uniq_natasha

Skill      XL: |  1  2  3  4  5  6 |
---------------+-------------------+-----
Shields        | 1 2 |  2.4
Throwing       | 1 2 |  2.1
Stealth        | 1 2 |  2.3
Dodging        | 3 |  3.6
Polearms       | 1 2 3 |  3.1
Fighting       | 4 |  4.4
Maces & Flails | |  3.2

Action                   |  1- 3 |  4- 6 || total
-------------------------+-------+-------++-------
Melee: Mace              |    69 |       ||    69
       Tailslap          |     6 |    12 ||    18
       Flail             |    19 |    18 ||    37
       Halberd           |       |    86 ||    86
Throw: Javelin           |     2 |       ||     2
Invok: Berserk           |     3 |     5 ||     8
       Trog's Hand       |       |     1 ||     1
 Stab: Sleeping          |       |     4 ||     4
Armor: Skin              |    38 |    34 ||    72
Dodge: Dodged            |    78 |    75 ||   153

Table legend: (Time is in decaauts)
 A = Elapsed time spent in this place.
 B = Non-inter-level travel time spent in this place.
 C = Inter-level travel time spent in this place.
 D = Time resting spent in this place.
 E = Time spent auto-exploring this place.
 F = Levels seen in this place.
 G = Mean time per level.
                   A        B        C        D        E       F      G
               +--------+--------+--------+--------+--------+-----+--------+
         Total |   3574 |   3413 |    161 |    946 |   1916 |   4 |  893.5 |
       Dungeon |   3574 |   3413 |    161 |    946 |   1916 |   4 |  893.5 |
               +--------+--------+--------+--------+--------+-----+--------+

Top non-repeatable levels by time:
     D:1: 1565 daAuts
     D:3: 847 daAuts
     D:4: 601 daAuts
     D:2: 558 daAuts
